 Dungeon Crawl Stone Soup version 0.19.1-1-g22dce08 (webtiles) character file.

898 Jerry the Ducker (level 8, 0/49 HPs)
             Began as a Halfling Gladiator on Jan 2, 2017.
             Slain by an ogre
             ... wielding a +0 giant club
              (20 damage)
             ... on level 6 of the Dungeon.
             The game lasted 00:14:16 (4655 turns).

Jerry the Ducker (Halfling Gladiator)               Turns: 4655, Time: 00:14:17

Health: 0/49       AC: 11    Str: 16    XL:     8   Next: 28%
Magic:  8/8        EV: 17    Int:  7    God:
Gold:   2          SH:  0    Dex: 16    Spells: 0 memorised, 7 levels left

rFire  . . .     SeeInvis .     a - +1 long sword
rCold  + + .     Gourm    .     w - +2 ring mail of Purpose {rC+ Stlth+}
rNeg   . . .     Faith    .     (shield restricted)
rPois  .         Spirit   .     c - +1 helmet
rElec  .         Reflect  .     (no cloak)
rCorr  .         Harm     .     (no gloves)
MR     .....                    (no boots)
Stlth  ++........               (no amulet)
                                s - ring of protection from cold
                                h - +1 ring of protection

@: no status effects
A: mutation resistance 1
a: no special abilities


You were on level 6 of the Dungeon.
You were not hungry.

You visited 1 branch of the dungeon, and saw 6 of its levels.
You also visited: Ossuary.

You collected 227 gold pieces.
You spent 225 gold pieces at shops.

Inventory:

Hand Weapons
 a - a +1 long sword (weapon)
 g - a +0 hunting sling
Armour
 c - a +1 helmet (worn)
 w - the +2 ring mail of Purpose (worn) {rC+ Stlth+}
   (You bought it in a shop on level 5 of the Dungeon)

   It protects you from cold.
   It makes you more stealthy.
Jewellery
 h - a +1 ring of protection (left hand)
 s - a ring of protection from cold (right hand)
Scrolls
 j - a scroll of amnesia
 k - 5 scrolls of immolation
 l - 5 scrolls of teleportation
 m - 5 scrolls of identify
 o - 2 scrolls of recharging {unknown}
 r - a scroll of remove curse
 t - a scroll of enchant armour
 F - a scroll of fog
Potions
 e - 5 potions of agility
 p - 3 potions of mutation
 q - a potion of cancellation
 u - 4 potions of flight
 v - a potion of berserk rage
 z - 3 potions of lignification
 C - a potion of beneficial mutation {unknown}
 E - a potion of cure mutation {unknown}
 G - 4 potions of degeneration {unknown}
Comestibles
 f - 3 bread rations
 i - 12 fruits
 n - a beef jerky
 A - a royal jelly
 B - 2 meat rations


   Skills:
 - Level 1.7 Fighting
 + Level 5.9 Long Blades
 - Level 2.0 Throwing
 + Level 5.5 Armour
 + Level 6.4 Dodging


You had 7 spell levels left.
You didn't know any spells.

Dungeon Overview and Level Annotations

Branches:
Dungeon (6/15)
 Temple: D:4-7

Altars:
Ashenzari

Shops:
D:4 =   D:5 [

Annotations:
D:6 athaudia's ghost, novice HEHu


Innate Abilities, Weirdness & Mutations

You are small and have problems with some larger weapons.
You are somewhat resistant to further mutation.


Message History

The ogre is heavily wounded.
The ogre closely misses you.
You hit the ogre.
The ogre is severely wounded.
You hit the ogre.
The ogre is severely wounded.
The ogre misses you.
You barely miss the ogre.
The ogre is severely wounded.
The ogre hits you with a giant club!!
You hit the ogre.
The ogre is almost dead.
The ogre closely misses you.
You barely miss the ogre.
The ogre is almost dead.
The ogre hits you with a giant club. The ogre closely misses you.
You hit the ogre but do no damage.
The ogre is almost dead.
The ogre hits you with a giant club!!
You die...

##.. ...
......... ...
........# ...
......#!# ....
....#.#.# .....
........##.....
..$....O.......
......O@.......
##.##.#<.......
# #....)...
#.##..... #..
..... ... ####
.... ....
......


You could see 2 ogres.

Vanquished Creatures
  A centaur (D:6)
  An ogre (D:5)
  A scorpion (D:4)
  A howler monkey (D:5)
  A crimson imp (D:5)
  5 hounds
  4 human zombies (Ossuary)
  An iguana (D:5)
  2 orc wizards (D:5)
  A worker ant (D:4)
  4 mummies (Ossuary)
  4 adders
  2 shadow imps
  2 oozes
  2 adder skeletons (D:4)
  An adder zombie (D:5)
  2 worms (D:3)
  A dart slug (D:1)
  5 leopard geckos
  5 orcs
  4 giant cockroaches
  4 gnoll zombies (Ossuary)
  9 hobgoblins
  13 jackals
  8 kobolds
  3 quokkas
  A ball python (D:3)
  12 bats
  4 frilled lizards
  5 goblins
  10 rats
119 creatures vanquished.

Notes
Turn   | Place    | Note
-------+----------+-------------------------------------------
     0 | D:1      | Jerry the Halfling Gladiator began the quest for the Orb.
     0 | D:1      | Reached XP level 1. HP: 14/14 MP: 1/1
    56 | D:1      | Reached XP level 2. HP: 19/19 MP: 2/2
    77 | D:1      | Reached skill level 1 in Armour
   342 | D:1      | Reached XP level 3. HP: 18/24 MP: 3/3
   805 | D:2      | Found a faded altar of an unknown god.
   892 | D:2      | Found a shattered altar of Ashenzari.
  1000 | D:2      | Reached skill level 4 in Dodging
  1000 | D:2      | Reached XP level 4. HP: 29/29 MP: 4/4
  1596 | D:3      | Reached XP level 5. HP: 26/34 MP: 5/5
  2223 | D:4      | Reached XP level 6. HP: 26/39 MP: 6/6
  2280 | D:4      | Found Faryesue's Jewellery Shop.
  2294 | D:4      | Found a sand-covered staircase.
  2303 | Ossuary  | Entered an ossuary
  2354 | Ossuary  | Reached skill level 5 in Dodging
  2913 | Ossuary  | Reached XP level 7. HP: 25/44 MP: 7/7
  3471 | D:4      | Reached skill level 5 in Long Blades
  3774 | D:5      | Entered Level 5 of the Dungeon
  4248 | D:5      | Reached skill level 5 in Armour
  4256 | D:5      | Reached skill level 6 in Dodging
  4256 | D:5      | Reached XP level 8. HP: 47/49 MP: 8/8
  4425 | D:5      | Found Aggei's Antique Armour Shop.
  4437 | D:5      | Bought a crude ring mail for 225 gold pieces
  4447 | D:5      | Identified the +2 ring mail of Purpose {rC+ Stlth+} (You bought it in a shop on level 5 of the Dungeon)
  4559 | D:6      | Noticed athaudia's ghost (novice HEHu)
  4655 | D:6      | Slain by an ogre

Skill      XL: |  1  2  3  4  5  6  7 |
---------------+----------------------+-----
Armour         | 1 2 3 4 5 |  5.5
Dodging        | 4 5 6 |  6.4
Long Blades    | 4 5 |  5.9
Fighting       | |  1.7
Throwing       | |  2.0

Action                   |  1- 3 |  4- 6 |  7- 9 || total
-------------------------+-------+-------+-------++-------
Melee: Long sword        |    74 |   223 |   138 ||   435
 Fire: Hunting sling     |     4 |       |       ||     4
Throw: Throwing net      |       |     2 |       ||     2
  Use: Scroll            |       |       |    17 ||    17
 Stab: Sleeping          |     1 |     2 |     1 ||     4
       Held in net/web   |       |     1 |       ||     1
  Eat: Chunk             |       |     5 |     5 ||    10
       Pizza             |       |     1 |     1 ||     2
Armor: Leather armour    |    23 |    42 |    21 ||    86
       Ring mail         |       |       |     6 ||     6
Dodge: Dodged            |    86 |   174 |   135 ||   395
       Rpst.: Long sword |    34 |    58 |    51 ||   143
